 Dungeon Crawl Stone Soup version 0.21.1-1-g345015f (webtiles) character file.

2153 Kandryn the Basher (level 9, 0/87 (88) HPs)
             Began as a Troll Berserker on June 21, 2018.
             Was an Elder of Trog.
             Succumbed to a hornet's poison
             ... on level 7 of the Dungeon on June 22, 2018.
             The game lasted 00:42:30 (5815 turns).

Kandryn the Basher (Troll Berserker)                Turns: 5815, Time: 00:42:31

HP:   0/87 (88)     AC:  7    Str: 31    XL:     9   Next: 10%
MP:   8/8           EV: 12    Int:  3    God:    Trog [****..]
Gold: 287           SH:  0    Dex: 10    Spells: 8/8 levels left

rFire    + . .     SeeInvis .   a - +1 mace
rCold    . . .     Gourm    +   (no shield)
rNeg     . . .     Faith    .   r - +2 robe {rF+}
rPois    .         Spirit   .   (helmet restricted)
rElec    .         Reflect  .   (no cloak)
rCorr    .         Harm     .   (gloves unavailable)
MR       .....                  (boots unavailable)
Stlth    +.........             j - amulet of regeneration
HPRegen  1.04/turn              (no ring)
MPRegen  0.11/turn              (no ring)

@: lethally poisoned (0 -> -4), very slightly contaminated, slowed, very slow
A: large, unfitting armour, claws 3, fast metabolism 3, gourmand, regeneration
1, shaggy fur 1, strong 1, tough skin 2, wild magic 1
a: Berserk, Trog's Hand, Brothers in Arms, Burn Spellbooks, Renounce Religion


You were on level 7 of the Dungeon.
You worshipped Trog.
Trog was greatly pleased with you.
You were completely stuffed.

You visited 1 branch of the dungeon, and saw 7 of its levels.

You collected 287 gold pieces.

Inventory:

Hand Weapons
 a - a +1 mace (weapon)
Armour
 b - a +1 animal skin
 l - a +0 robe of cold resistance
 r - a +2 robe of fire resistance (worn)
Jewellery
 e - a +2 ring of intelligence
 f - an uncursed amulet of rage {unknown}
 j - an amulet of regeneration (around neck)
Wands
 s - a wand of random effects (33)
Scrolls
 h - 3 scrolls of identify
 i - a scroll of fog
 o - 2 scrolls of enchant weapon
 p - 2 scrolls of remove curse
 v - a scroll of magic mapping
 w - 2 scrolls of teleportation
Potions
 d - a potion of berserk rage
 g - a potion of lignification
 k - a potion of invisibility {unknown}
 m - a potion of ambrosia {unknown}
 n - a potion of heal wounds {unknown}
 q - a potion of curing {unknown}
 t - a potion of agility {unknown}
Comestibles
 c - 12 rations
 x - 5 chunks of flesh


   Skills:
 + Level 5.0 Fighting
 + Level 8.4 Maces & Flails
 + Level 5.6 Dodging
 + Level 1.1 Stealth


You had 8 spell levels left.
You didn't know any spells.

Dungeon Overview and Level Annotations

Branches:
Dungeon (7/15)
 Temple: D:4-7

Altars:
Gozag
Uskayaw
Zin

Shops:
D:4 :

Annotations:
D:5 Edmund


Innate Abilities, Weirdness & Mutations

You are too large for most types of armour.
You have claws for hands.
Your metabolism is lightning-fast.
You like to eat raw meat.
Your natural rate of healing is unusually fast.
You are covered in fur. (AC +1)
You have very tough skin. (AC +2)
Your muscles are strong. (Str +2)
Your spells are a little harder to cast, but a little more powerful.


Message History

You are more poisoned.
You suddenly lose the ability to move!
The hornet stings you.
* * * LOW HITPOINT WARNING * * *
You feel as though you will be slow longer.
You feel sick. The hornet stings you.
* * * LOW HITPOINT WARNING * * *
You feel as though you will be slow longer.
You can move again.
Okay, then.
Blink to where?
Press: ? - help, Dir - move target cursor You are very lightly contaminated with residual magic.
As you read the scroll of blinking, it crumbles to dust.
You feel very sick.
You feel sick. The hornet stings you!
* * * LOW HITPOINT WARNING * * *
You are more poisoned.
You feel as though you will be slow longer.
The hornet barely misses you.
You die...

###.###############
......|...##(<....###
#########.##.†.......
#.##@####.###
.#####§##.# #
#........y.#
(...###.##.# .#
#.##.# #.##.# #.##.#
#.##.# ..##.#


You could see a hornet.

Vanquished Creatures
  The ghost of Thian the Slasher, an amateur MiFi (D:5)
  Prince Ribbit (D:6)
  The ghost of Zubo the Insei, an amateur OpTm of Fedhas (D:4)
  Duvessa (D:5)
  An ice beast (D:6)
  A necrophage (D:7)
  An orc warrior (D:6)
  An ogre (D:6)
  A centaur (D:6)
  A bullfrog (D:6)
  A big kobold (D:6)
  2 scorpions (D:6)
  Dowan (D:5)
  2 howler monkeys (D:4)
  5 orc wizards
  2 hounds (D:4)
  A bullfrog skeleton (D:4)
  An orc priest (D:6)
  Jessica (D:2)
  Natasha (D:3)
  2 iguanas
  4 worker ants
  A hound skeleton (D:5)
  8 adders
  A shadow imp (D:7)
  2 oozes
  An adder skeleton (D:3)
  2 worms
  2 leopard geckos
  23 orcs
  3 giant cockroaches
  6 goblins
  2 hobgoblins
  9 jackals
  10 kobolds
  6 quokkas
  10 bats
  4 frilled lizards
  14 rats
137 creatures vanquished.

Notes
Turn   | Place    | Note
-------+----------+-------------------------------------------
     0 | D:1      | Kandryn the Troll Berserker began the quest for the Orb.
     0 | D:1      | Reached XP level 1. HP: 22/22 MP: 0/0
   164 | D:1      | Reached XP level 2. HP: 28/29 MP: 1/1
   225 | D:1      | Reached skill level 3 in Maces & Flails
   729 | D:2      | Reached XP level 3. HP: 33/36 MP: 2/2
   856 | D:2      | Reached ** piety under Trog
   867 | D:2      | Noticed Jessica
   899 | D:2      | Killed Jessica
  1339 | D:2      | Reached XP level 4. HP: 44/44 MP: 3/3
  1981 | D:3      | Noticed Natasha
  1993 | D:3      | Killed Natasha
  1993 | D:3      | Reached XP level 5. HP: 53/53 MP: 4/4
  2029 | D:3      | Reached skill level 4 in Maces & Flails
  2050 | D:3      | Reached *** piety under Trog
  2484 | D:4      | Reached XP level 6. HP: 56/61 MP: 5/5
  2522 | D:4      | Found a hide-covered altar of Uskayaw.
  2526 | D:4      | Found an opulent altar of Gozag.
  2529 | D:4      | Found a glowing silver altar of Zin.
  2646 | D:4      | Noticed Zubo's ghost (amateur OpTm)
  2664 | D:4      | Killed Zubo's ghost
  2664 | D:4      | Reached skill level 5 in Maces & Flails
  2786 | D:4      | Reached XP level 7. HP: 65/67 MP: 6/6
  3117 | D:4      | Found Xeegierr's Book Emporium.
  3433 | D:5      | Entered Level 5 of the Dungeon
  3478 | D:5      | Gained mutation: Your spells are a little harder to cast, but a little more powerful. [potion of mutation]
  3478 | D:5      | Gained mutation: Your muscles are strong. (Str +2) [potion of mutation]
  3642 | D:5      | Noticed Thian's ghost (amateur MiFi)
  3671 | D:5      | Killed Thian's ghost
  3671 | D:5      | Reached skill level 6 in Maces & Flails
  3853 | D:5      | Noticed Edmund
  3860 | D:5      | Noticed Dowan
  3861 | D:5      | Noticed Duvessa
  4072 | D:5      | Killed Dowan
  4119 | D:5      | Killed Duvessa
  4119 | D:5      | Reached XP level 8. HP: 59/78 MP: 7/7
  4825 | D:6      | Reached skill level 5 in Dodging
  4856 | D:6      | Reached skill level 7 in Maces & Flails
  5056 | D:6      | Reached **** piety under Trog
  5173 | D:6      | Noticed Prince Ribbit
  5186 | D:6      | Killed Prince Ribbit
  5186 | D:6      | Reached skill level 1 in Stealth
  5385 | D:6      | Reached skill level 8 in Maces & Flails
  5558 | D:6      | Reached XP level 9. HP: 81/87 MP: 8/8
  5590 | D:6      | Reached skill level 5 in Fighting
  5801 | D:7      | Paralysed by a hornet for 2 turns
  5811 | D:7      | Paralysed by a hornet for 2 turns
  5814 | D:7      | HP: 1/87 [hornet (11)]
  5815 | D:7      | Succumbed to a hornet's poison

Skill      XL: |  1  2  3  4  5  6  7  8  9 |
---------------+----------------------------+-----
Maces & Flails | 3 4 5 6 8 |  8.4
Dodging        | 3 4 5 |  5.6
Fighting       | 3 4 5 |  5.0
Stealth        | 1 |  1.1

Action                   |  1- 3 |  4- 6 |  7- 9 || total
-------------------------+-------+-------+-------++-------
Melee: Mace              |   111 |   223 |   294 ||   628
Invok: Berserk           |     1 |     1 |     4 ||     6
       Trog's Hand       |       |       |     2 ||     2
  Use: Scroll            |     5 |     4 |     6 ||    15
       Potion            |       |       |     3 ||     3
  Eat: Chunk             |    15 |    18 |    24 ||    57
       Ration            |       |       |     3 ||     3
Armor: Animal skin       |    66 |   125 |    16 ||   207
       Robe              |       |       |    48 ||    48
Dodge: Dodged            |    89 |   164 |   157 ||   410
